 Dungeon Crawl Stone Soup version 0.32-a0-38-gb04dd89b9b (webtiles) character file.

Game seed: 15930099863220994162

3234 Jeffwins the Summoner (level 9, -1/46 HPs)
             Began as a Vine Stalker Summoner on Jan 24, 2024.
             Was an Initiate of Gozag.
             Succumbed to a killer bee's poison
             ... on level 8 of the Dungeon.
             The game lasted 00:12:13 (7344 turns).

Jeffwins the Summoner (Vine Stalker Summoner)       Turns: 7344, Time: 00:12:14

Health: -1/46      AC:  6    Str: 12    XL:     9   Next: 98%
Magic:  7/22       EV: 12    Int: 19    God:    Gozag
Gold:   170        SH:  0    Dex: 14    Spells: 11/24 levels left

rFire   + . .        F - +4 long sword
rCold   . . .        (no shield)
rNeg    . . .        r - +2 leather armour {rF+}
rPois   .            (no helmet)
rElec   .            (no cloak)
rCorr   .            (no gloves)
SInv    .            z - +0 pair of boots
Will    +....        (no amulet)
Stlth   +++          Z - ring of wizardry
HPRegen 1.07/turn    m - ring of willpower
MPRegen 0.18/turn

%: guardian spirit, wizardry (x1)
@: lethally poisoned (-1 -> -11), weak-willed, gold aura, enlightened, flying,
studying Short Blades, inugami summoned
A: fangs 3, regeneration 1, magic shield, antimagic bite, no potion heal 2
a: Renounce Religion, Potion Petition, Call Merchant, Bribe Branch


You were on level 8 of the Dungeon.
You worshipped Gozag.
Gozag was aware of your devotion.
You visited 2 branches of the dungeon, and saw 9 of its levels.

You collected 650 gold pieces.
You spent 347 gold pieces at shops.
You paid 133 gold pieces to Gozag.


Innate Abilities, Weirdness & Mutations

You have razor-sharp teeth.
Your natural rate of healing is unusually fast.
When hurt, damage is shared between your health and your magic reserves.
Your bite disrupts and absorbs the magic of your enemies.
Potions cannot restore your health.


   Skills:
 + Level 4.7 Fighting
 - Level 2.0 Dodging
 - Level 5.0 Stealth
 * Level 8.0 Spellcasting
 * Level 8.6 Summonings
 * Level 5.0 Ice Magic
 + Level 0.2 Evocations


You had 11 spell levels left.
You knew the following spells:

 Your Spells              Type           Power      Damage    Failure   Level
b - Ozocubu's Refrigerat  Ice            13%        4d10      99%         7
c - Call Canine Familiar  Summ           40%        N/A       1%          3
x - Call Imp              Summ           80%        N/A       1%          2
z - Summon Small Mammal   Summ           100%       N/A       1%          1

Your spell library contained the following spells:

 Spells                   Type           Power      Damage    Failure   Level
 Apportation              Tloc           14%        N/A       4%          1
 Jinxbite                 Hex            14%        N/A       7%          2
 Summon Blazeheart Golem  Fire/Summ      24%        N/A       8%          4
 Summon Lightning Spire   Summ/Air       24%        N/A       8%          4
 Olgreb's Toxic Radiance  Alch           7%         N/A       41%         4
 Alistair's Intoxication  Alch           4%         N/A       75%         5
 Discord                  Hex            3%         N/A       100%        8

Inventory:

Hand Weapons
 c - a +0 dagger
 x - a +0 trident
 B - a +2 hand axe of flaming
 F - a +4 long sword (weapon)
Missiles
 s - 10 poisoned darts
 G - a throwing net {=f}
Armour
 r - a +2 leather armour of fire resistance (worn)
 z - a +0 pair of boots (worn)
Magical Staves
 g - a staff of air
 q - a staff of death
Jewellery
 m - a ring of willpower (right hand)
 v - a ring of see invisible
 C - a ring of ice
 E - a +5 ring of evasion
 X - a +6 ring of dexterity
 Z - a ring of wizardry (left hand)
Wands
 j - a wand of flame (60)
 n - a wand of polymorph (6)
 u - a wand of charming (3)
 H - a wand of roots (11)
Scrolls
 f - a scroll of fog
 h - a scroll of poison {!r}
 i - 4 scrolls of teleportation {@r4}
 k - a scroll of immolation {unknown}
 l - a scroll of enchant weapon
 p - a scroll of brand weapon {unknown}
 t - a scroll of revelation {unknown}
 y - a scroll of fear {unknown}
 A - a scroll of vulnerability {!r}
Potions
 a - a potion of haste {unknown}
 b - a potion of magic
 d - a potion of heal wounds {@q2}
 w - a potion of invisibility {unknown}
 D - a potion of attraction {unknown}

Dungeon Overview and Level Annotations

Branches:
Dungeon (8/15)             Temple (1/1) D:7
   Lair: D:8-11

Altars:
Ashenzari
Cheibriados
Dithmenos
Elyvilon
Gozag
Hepliaklqana
Kikubaaqudgha
Makhleb
Nemelex Xobeh
Okawaru
Qazlal
Sif Muna
Trog
Wu Jian
Zin

Shops:
D:3 ?[=*=   D:5 !   D:6 [   D:7 *

Annotations:
D:7 2 transporters, knightboat's ghost, novice TrWr
Temple 2 transporters

........##
#.....#...
#........
+.[....##
#........
#+##.....#
#...hyr..####
#..@y5......
#######▒#▒##


You could see a killer bee (ally target), a friendly killer bee (charmed), a
friendly cerulean imp (summoned), a friendly quokka (summoned) and a friendly
inugami (summoned, poisoned).


Message History

You are more poisoned.
The killer bee poisons you!
Your killer bee stings the shadow imp!
The shadow imp dies!
Your inugami hits the killer bee.
Your killer bee barely misses the killer bee.
Your cerulean imp barely misses the killer bee.
The killer bee stings you but does no damage.
Your quokka bites the killer bee.
Your cerulean imp misses the killer bee.
Your inugami closely misses the killer bee.
Your killer bee stings the killer bee.
The killer bee stings you.
* * * LOW HITPOINT WARNING * * *
You are lethally poisoned!
The killer bee poisons you!
It was a potion of heal wounds.
That seemed strangely inert.
* * * LOW HITPOINT WARNING * * *
You feel very sick. The killer bee stings you.
* * * LOW HITPOINT WARNING * * *
Your killer bee closely misses the killer bee.
Your quokka misses the killer bee.
The killer bee stings you but does no damage.
Your killer bee stings the killer bee but does no damage.
Your inugami completely misses the killer bee.
Your cerulean imp misses the killer bee.
It was a potion of enlightenment.
You feel very buoyant.
You fly up into the air.
You die...
Your body crumbles into a pile of gold.

Skill      XL: |  1  2  3  4  5  6  7  8  9 |
---------------+----------------------------+-----
Dodging        | 2 |  2.0
Spellcasting   | 3 4 5 6 8 |  8.0
Stealth        | 3 4 5 |  5.0
Fighting       | 1 2 3 4 |  4.7
Summonings     | 5 6 7 8 |  8.6
Ice Magic      | 2 5 |  5.0
Evocations     | |  0.2

Action                     |  1- 3 |  4- 6 |  7- 9 || total
---------------------------+-------+-------+-------++-------
  Melee: Unarmed           |    21 |       |       ||    21
         Dagger            |    60 |    84 |    87 ||   231
         Bite              |    14 |    23 |    65 ||   102
         Punch             |       |     1 |       ||     1
         Trident           |       |       |    53 ||    53
         Hand axe          |       |       |    57 ||    57
         Long sword        |       |       |    25 ||    25
   Cast: Summon Small Mamm |    15 |     8 |     2 ||    25
         Call Imp          |     9 |     7 |    34 ||    50
         Call Canine Famil |     1 |     4 |    33 ||    38
  Evoke: Wand              |       |       |     3 ||     3
    Use: Scroll            |       |     4 |     2 ||     6
         Potion            |       |       |     2 ||     2
   Stab: Sleeping          |     8 |     4 |     2 ||    14
         Distracted        |       |       |     2 ||     2
 Armour: Robe              |    51 |    25 |       ||    76
         Leather armour    |       |    29 |   198 ||   227
  Dodge: Dodged            |    57 |    85 |   187 ||   329

Levels and vault maps discovered:
D:1:      dpeg_arrival_rooms_b, layout_loops_cross,
          chequers_serial_rivers_room_a
D:2:      layout_loops_corners
D:3:      layout_loops_ring, serial_glass, glass_columns_b, glass_columns_a,
          serial_shops, shop, nicolae_shop_tiny_glass, shop,
          nicolae_shop_drivethru, shop, hellmonk_guarded_unrand_hermit
D:4:      layout_rooms, amcnicky_altar_gilded, marbit_many_paths, uniq_menkaure
D:5:      layout_rooms, serial_shops, nicolae_shop_waterfront,
          grunt_decor_arrowhead, minmay_misc_feat_plants
D:6:      layout_loops_ring, serial_shops, shop, minmay_crystal_water
D:7:      minmay_octagon_keep, layout_basic, temple_pool_b, serial_shops, shop,
          gammafunk_ghost_arena
D:8:      layout_rooms, fedhas_bush_and_centaur_altar,
          grunt_lair_entry_orc_guard_hut, serial_aquarium,
          aquarium_bridge_square [aquarium_subvault_window,
          aquarium_subvault_bridge, aquarium_subvault_wall,
          aquarium_subvault_wall], aquarium_bridge_square
          [aquarium_subvault_bridge, aquarium_subvault_bridge,
          aquarium_subvault_wall, aquarium_subvault_bridge], aquarium_window_1,
          aquarium_window_1, aquarium_window_1, aquarium_view_2c,
          aquarium_balcony_1b, aquarium_pool_2, enter_bailey_4,
          minmay_liquid_box, minmay_hollow_rounded_squares, uniq_amaemon,
          uniq_jeremiah
Temple:   hellmonk_temple_divided_pantheon

Notes
Turn   | Place    | Note
-------+----------+-------------------------------------------
     0 | D:1      | Jeffwins the Vine Stalker Summoner began the quest for the
                  | Orb.
     0 | D:1      | Reached XP level 1. HP: 9/9 MP: 4/4
    46 | D:1      | Reached XP level 2. HP: 13/13 MP: 1/6
    93 | D:1      | Learned a level 2 spell: Call Imp
   452 | D:1      | Reached XP level 3. HP: 16/17 MP: 7/7
   983 | D:2      | Learned a level 3 spell: Call Canine Familiar
  1956 | D:3      | Found Qaqashed's Magic Scroll Boutique.
  1992 | D:3      | Reached XP level 4. HP: 21/21 MP: 9/9
  2012 | D:3      | Found a faded altar of an unknown god.
  2012 | D:3      | Found the Hermit's Pendant {Faith Invo=14 Evo=0 MP+5}
  2036 | D:3      | Reached skill level 2 in Dodging
  2036 | D:3      | Reached skill level 3 in Spellcasting
  2230 | D:3      | Reached skill level 3 in Stealth
  2279 | D:3      | Reached skill level 1 in Fighting
  2510 | D:3      | Found Orghi's Antique Armour Shop.
  2518 | D:3      | Bought a glowing leather armour for 135 gold pieces
  2639 | D:3      | Found Hosmys's Jewellery Shop.
  2642 | D:3      | Found Ythit's Jewellery Shoppe.
  2670 | D:3      | Found a transporter.
  2672 | D:3      | Found Plog's Assorted Antiques.
  2784 | D:3      | Found a transporter.
  2853 | D:3      | Bought a scroll of identify for 26 gold pieces
  3002 | D:3      | Bought a fuming purple potion for 15 gold pieces
  3047 | D:4      | Found an ornate altar of the Wu Jian Council.
  3092 | D:4      | Noticed Menkaure
  3104 | D:4      | Killed Menkaure
  3105 | D:4      | Reached skill level 5 in Summonings
  3105 | D:4      | Reached XP level 5. HP: 25/25 MP: 10/15
  3105 | D:4      | Reached XP level 6. HP: 30/30 MP: 11/17
  3207 | D:4      | Reached skill level 4 in Spellcasting
  3227 | D:4      | Reached skill level 4 in Stealth
  3231 | D:4      | Reached skill level 2 in Fighting
  3513 | D:4      | Reached XP level 7. HP: 27/35 MP: 13/18
  3660 | D:4      | Found a snail-covered altar of Cheibriados.
  3822 | D:5      | Entered Level 5 of the Dungeon
  3947 | D:5      | Reached skill level 6 in Summonings
  4116 | D:5      | Reached skill level 5 in Spellcasting
  4231 | D:5      | Reached skill level 5 in Stealth
  4261 | D:5      | Gained mutation: You have razor-sharp teeth. [Vine Stalker
                  | growth]
  4261 | D:5      | Reached XP level 8. HP: 26/39 MP: 13/19
  4352 | D:5      | Found Coetux's Distillery.
  4564 | D:6      | Found Noehah's Antique Armour Boutique.
  4659 | D:6      | Reached skill level 3 in Fighting
  4835 | D:6      | Learned a level 7 spell: Ozocubu's Refrigeration
  4843 | D:6      | Reached skill level 6 in Spellcasting
  4875 | D:6      | Reached skill level 7 in Summonings
  4971 | D:6      | Reached skill level 1 in Ice Magic
  5219 | D:6      | Reached skill level 2 in Ice Magic
  5806 | D:7      | Found a staircase to the Ecumenical Temple.
  5844 | Temple   | Found a transporter.
  5844 | Temple   | Found a transporter.
  5844 | Temple   | Found a transporter.
  5844 | Temple   | Found a transporter.
  5844 | Temple   | Entered the Ecumenical Temple
  5863 | Temple   | Became a worshipper of Gozag Ym Sagoz the Greedy
  5949 | D:7      | Found a transporter.
  5953 | D:7      | Noticed a boulder beetle
  5963 | D:7      | Noticed a two-headed ogre
  5977 | D:7      | Noticed knightboat's ghost (novice TrWr)
  5980 | D:7      | Found a transporter.
  5982 | D:7      | Noticed a wyvern
  5994 | D:7      | Killed a wyvern
  5995 | D:7      | Reached XP level 9. HP: 11/45 MP: 5/20
  6117 | D:7      | Reached skill level 3 in Ice Magic
  6123 | D:7      | Reached skill level 4 in Fighting
  6135 | D:7      | Reached skill level 7 in Spellcasting
  6437 | D:7      | Reached skill level 8 in Summonings
  6618 | D:7      | Found Liumoj's Assorted Antiques.
  6631 | D:7      | Bought an ivory wand for 116 gold pieces
  6631 | D:7      | Bought a scroll labelled FIYMIY EKLILI for 29 gold pieces
  6631 | D:7      | Bought a coppery potion for 26 gold pieces
  6723 | D:7      | Reached skill level 4 in Ice Magic
  7340 | D:8      | Reached skill level 8 in Spellcasting
  7342 | D:8      | Reached skill level 5 in Ice Magic
  7343 | D:8      | HP: 4/46 [poisoned by a killer bee]
  7344 | D:8      | Succumbed to a killer bee's poison

Vanquished Creatures
  Menkaure (D:4)
  2 water moccasins
  An orc warrior (D:6)
  An ogre (D:5)
  A phantom (D:5)
  A centaur (D:6)
  2 bullfrogs
  A scorpion (D:6)
  3 wights (D:7)
  3 killer bees
  A howler monkey (D:6)
  A bombardier beetle (D:6)
  3 jellies
  2 hounds
  An orc priest (D:6)
  2 iguanas
  An orc wizard (D:7)
  3 adders
  3 ufetubi
  2 ribbon worms
  5 orcs
  4 endoplasms
  2 giant cockroaches
  2 goblins
  3 hobgoblins
  3 jackals (D:1)
  3 kobolds
  3 quokkas
  4 ball pythons
  3 bats
  2 frilled lizards
  4 rats
73 creatures vanquished.

Vanquished Creatures (collateral kills)
  A wyvern (D:7)
  A steam dragon (D:7)
  A water moccasin (D:7)
  An ice beast (D:7)
  A centaur (D:7)
  2 bullfrogs (D:7)
  2 scorpions
  A wight (D:7)
  7 killer bees (D:7)
  A howler monkey (D:4)
  A bombardier beetle (D:5)
  A gnoll bouda (D:7)
  2 orc priests (D:4)
  2 jellies
  4 iguanas
  4 orc wizards
  5 gnolls (D:7)
  2 adders
  A shadow imp (D:8)
  2 ufetubi
  A dart slug (D:1)
  5 orcs
  A bat (D:1)
  2 endoplasms (D:1)
  A giant cockroach (D:1)
  7 jackals
  A kobold (D:4)
  A frilled lizard (D:3)
  2 goblins
  2 rats (D:1)
65 creatures vanquished.

Vanquished Creatures (others)
  A shadow imp (D:6)
1 creature vanquished.

Grand Total: 139 creatures vanquished

Table legend: (Time is in decaauts)
 A = Elapsed time spent in this place.
 B = Non-inter-level travel time spent in this place.
 C = Inter-level travel time spent in this place.
 D = Time resting spent in this place.
 E = Time spent auto-exploring this place.
 F = Levels seen in this place.
 G = Mean time per level.
                   A        B        C        D        E       F      G
               +--------+--------+--------+--------+--------+-----+--------+
         Total |   7390 |   7133 |    257 |    102 |   5580 |   9 |  821.1 |
       Dungeon |   7352 |   7118 |    234 |    102 |   5580 |   8 |  919.0 |
        Temple |     37 |     14 |     23 |      0 |      0 |   1 |   37.0 |
               +--------+--------+--------+--------+--------+-----+--------+

Top non-repeatable levels by time:
     D:7: 1617 daAuts
     D:6: 1170 daAuts
     D:3: 1123 daAuts
     D:1: 951 daAuts
     D:2: 943 daAuts
     D:4: 801 daAuts
     D:5: 728 daAuts
  Temple: 37 daAuts
     D:8: 15 daAuts

Table legend:
 A = Non-vault XP
 B = Vault XP
 C = Vault XP percentage of total XP
 D = Non-vault monster count
 E = Vault monster count
 F = Vault count percentage of total count
                 A         B        C        D         E       F
            +---------+---------+-------+---------+---------+-------
      Total |    3734 |     887 |  19.2 |     126 |      12 |   8.7
            +---------+---------+-------+---------+---------+-------
        D:1 |      55 |       0 |   0.0 |      30 |       0 |   0.0
        D:2 |      22 |       0 |   0.0 |       7 |       0 |   0.0
        D:3 |      67 |       8 |  10.7 |      16 |       1 |   5.9
        D:4 |     318 |     215 |  40.3 |      11 |       2 |  15.4
        D:5 |     594 |       0 |   0.0 |      12 |       0 |   0.0
        D:6 |     871 |       0 |   0.0 |      18 |       0 |   0.0
        D:7 |    1667 |     664 |  28.5 |      29 |       9 |  23.7
        D:8 |     140 |       0 |   0.0 |       3 |       0 |   0.0
            +---------+---------+-------+---------+---------+-------
